 Dungeon Crawl Stone Soup version 0.32-a0-981-g384da2ce10 (webtiles) character file.

Game seed: 10291327337709358300

12 elagabalus the Magician (level 2, 20/20 HPs)
             Began as an Armataur Hedge Wizard on Apr 21, 2024.
             Quit the game on level 1 of the Dungeon.
             The game lasted 00:04:08 (422 turns).

elagabalus the Magician (Armataur Hedge Wizard)      Turns: 422, Time: 00:04:09

Health: 20/20      AC:  4    Str: 15    XL:     2   Next: 20%
Magic:  5/5        EV:  8    Int: 20    God:
Gold:   73         SH:  0    Dex:  9    Spells: 3/6 levels left

rFire   + . .        k - staff of fire
rCold   + . .        (no shield)
rNeg    . . .        b - +0 robe
rPois   .            c - +0 hat
rElec   .            (no cloak)
rCorr   .            (no gloves)
SInv    .            (no barding)
Will    .....        (no amulet)
Stlth   ++           f - +6 ring of intelligence
HPRegen 0.23/turn    j - ring of protection from cold
MPRegen 0.09/turn

%: roll
@: no status effects
A: large, deformed body, tough skin 3, armoured tail, rollpage 1
a: no special abilities


You were on level 1 of the Dungeon.
You visited 1 branch of the dungeon, and saw 1 of its levels.

You collected 73 gold pieces.

Inventory:

Hand Weapons
 a - a +0 dagger
Armour
 b - a +0 robe (worn)
 c - a +0 hat (worn)
Magical Staves
 k - a staff of fire (weapon)
Jewellery
 f - a +6 ring of intelligence (left hand)
 j - a ring of protection from cold (right hand)
Scrolls
 e - a scroll of enchant armour {unknown}
 g - a scroll of identify {unknown}
 h - a scroll of teleportation {unknown}
Potions
 d - a potion of magic
 i - a potion of cancellation {unknown}


   Skills:
 - Level 1.3 Dodging
 - Level 2.1 Stealth
 - Level 2.6 Spellcasting
 - Level 2.1 Conjurations
 * Level 0.7 Summonings
 - Level 1.0 Translocations


You had 3 spell levels left.
You knew the following spells:

 Your Spells              Type           Power      Damage    Failure   Level
a - Magic Dart            Conj           44%        1d5       6%          1
b - Call Imp              Summ           10%        N/A       17%         2

Your spell library contained the following spells:

 Spells                   Type           Power      Damage    Failure   Level
 Slow                     Hex            8%         N/A       14%         1
 Blink                    Tloc           12%        N/A       14%         2
 Cigotuvi's Dreadful Rot  Necr/Alch/Air  4%         N/A       22%         2
 Mephitic Cloud           Conj/Alch/Air  5%         N/A       32%         3


Dungeon Overview and Level Annotations

Branches:
Dungeon (1/15)

Altars:


Innate Abilities, Weirdness & Mutations

Armour fits poorly on your strangely shaped body.
You have extremely tough skin. (AC +3)
You have a long armoured tail.
You regenerate magic when rolling toward enemies. (Rampage MPRegen)


Message History

The giant cockroach bites you but does no damage.
You hit the giant cockroach but do no damage.
The giant cockroach is moderately wounded.
The giant cockroach bites you but does no damage.
The giant cockroach barely misses you.
You completely miss the giant cockroach.
Your tail-slap misses the giant cockroach.
The giant cockroach is moderately wounded.
The giant cockroach barely misses you.
You hit the giant cockroach but do no damage.
Your tail-slap misses the giant cockroach.
The giant cockroach is moderately wounded.
The giant cockroach barely misses you.
You hit the giant cockroach but do no damage.
The giant cockroach is moderately wounded.
The giant cockroach bites you but does no damage.
You closely miss the giant cockroach. You tail-slap the giant cockroach.
You kill the giant cockroach!
Found a stone staircase leading down.
Found a stone staircase leading down.
Found a ruby ring.
j - a ring of protection from cold
Okay, then.
You feel clever.
f - a +6 ring of intelligence (left hand)
j - a ring of protection from cold (right hand)
Casting: Magic Dart (safe; 6% risk of failure)
Confirm with . or Enter, or press ? or * to list all spells.
Okay, then.
You start memorising the spell.
You continue memorising. x2
You finish memorising.
Spell assigned to 'b'.
Found 2 poisoned darts.
Found 5 gold pieces.
Found a long jewelled staff.
You now have 73 gold pieces (gained 5).
You see here a staff of fire.
k - a staff of fire
k - a staff of fire (weapon)
Okay, then.
Are you sure you want to abandon this character and quit the game? (Confirm with "yes".)

########.#
#.##.# #.##.#
#.##.# #.##.#
#.##.# #.##.#
#.##.######..
#.##.@.......
#...........#
#############


There were no monsters in sight!

Vanquished Creatures
  A dart slug (D:1)
  An endoplasm (D:1)
  2 giant cockroaches (D:1)
  A goblin (D:1)
  2 kobolds (D:1)
  A bat (D:1)
  2 rats (D:1)
10 creatures vanquished.

Notes
Turn   | Place    | Note
-------+----------+-------------------------------------------
     0 | D:1      | elagabalus the Armataur Hedge Wizard began the quest for
                  | the Orb.
     0 | D:1      | Reached XP level 1. HP: 14/14 MP: 4/4
    17 | D:1      | Reached skill level 1 in Conjurations
    86 | D:1      | Reached XP level 2. HP: 20/20 MP: 5/5
   339 | D:1      | Learned a level 2 spell: Call Imp
   422 | D:1      | Quit the game

Illustrated notes

Levels and vault maps discovered:
D:1:      spicycebolla_arrival_clurvy, layout_loops_ring,
          hangedman_decor_peaks_small, minmay_circled_x

Skill      XL: |  1  2 |
---------------+-------+-----
Conjurations   | 1 2 |  2.1
Dodging        | |  1.3
Stealth        | |  2.1
Spellcasting   | |  2.6
Summonings     | |  0.7
Translocations | |  1.0

Action                     || total
---------------------------++-------
  Melee: Dagger            ||    33
         Tailslap          ||     3
   Cast: Magic Dart        ||    14
 Armour: Robe              ||    28
  Dodge: Dodged            ||    22

Table legend: (Time is in decaauts)
 A = Elapsed time spent in this place.
 B = Non-inter-level travel time spent in this place.
 C = Inter-level travel time spent in this place.
 D = Time resting spent in this place.
 E = Time spent auto-exploring this place.
 F = Levels seen in this place.
 G = Mean time per level.
                   A        B        C        D        E       F      G
               +--------+--------+--------+--------+--------+-----+--------+
         Total |    420 |    420 |      0 |      0 |      0 |   1 |  420.0 |
       Dungeon |    420 |    420 |      0 |      0 |      0 |   1 |  420.0 |
               +--------+--------+--------+--------+--------+-----+--------+

Top non-repeatable levels by time:
     D:1: 420 daAuts
